 Dungeon Crawl Stone Soup version 0.29-a0-419-g77450f2105 (webtiles) character file.

Game seed: 5174832635794689760

280 Bruhh the Changer (level 6, -1/38 HPs)
             Began as an Octopode Transmuter on May 18, 2022.
             Killed from afar by an orc wizard (8 damage)
             ... with a puff of flame
             ... on level 4 of the Dungeon.
             The game lasted 00:06:17 (4145 turns).

Bruhh the Changer (Octopode Transmuter)             Turns: 4145, Time: 00:06:18

Health: -1/38      AC:  2    Str:  9    XL:     6   Next: 27%
Magic:  8/9        EV: 19    Int: 24    God:
Gold:   207        SH:  0    Dex: 17    Spells: 5/9 levels left

rFire   . . .      SeeInvis .     - Unarmed
rCold   . . .      Faith    .   (shield currently unavailable)
rNeg    . . .      Spirit   .   (helmet currently unavailable)
rPois   x          Reflect  .   p - amulet of the acrobat
rElec   .          Harm     .   h - +6 ring of intelligence
rCorr   .          Rampage  .   (no ring)
Will    .....                   (no ring)
Stlth   ++........              (no ring)
HPRegen 0.12/turn               (no ring)
MPRegen 0.11/turn               (no ring)
                                (no ring)
                                (no ring)

@: spider-form (expiring), hasted, very quick
A: venomous fangs, almost no armour, (amphibious), 8 rings, tiny, (camouflage
1), (gelatinous body 1), (nimble swimmer 1), (tentacles)
a: End Transformation


You were on level 4 of the Dungeon.
You were a venomous arachnid creature.
You visited 1 branch of the dungeon, and saw 5 of its levels.

You collected 207 gold pieces.

Inventory:

Hand Weapons
 i - the +4 hand axe "Ihumn" (melded) {flame, rF+ Will- Dex+8 SInv}
   (You found it on level 2 of the Dungeon)

   It burns those it strikes, dealing additional fire damage.
   Big, fiery blades are also staple armaments of hydra-hunters.
   Dex:       It affects your dexterity (+8).
   rF:        It protects you from fire.
   SInv:      It lets you see invisible.
   Will:      It decreases your willpower.
Jewellery
 h - a +6 ring of intelligence (left front leg)
 p - an amulet of the acrobat (around neck)
Wands
 l - a wand of acid (7)
Scrolls
 b - 11 scrolls of identify {unknown}
 c - 2 scrolls of teleportation {unknown}
 g - a scroll of noise {unknown}
 k - 2 scrolls of fog {unknown}
 n - a scroll of immolation {unknown}
 o - 3 scrolls of fear {unknown}
 q - a scroll of magic mapping {unknown}
Potions
 a - a potion of lignification
 d - a potion of haste
 e - a potion of cancellation {unknown}
 f - 2 potions of degeneration {unknown}
 j - a potion of resistance {unknown}
 m - a potion of magic {unknown}
 r - a potion of attraction {unknown}
 s - a potion of curing {unknown}


   Skills:
 - Level 1.0 Fighting
 - Level 2.0 Dodging
 + Level 3.3 Unarmed Combat
 + Level 2.4 Spellcasting
 - Level 6.0 Transmutations


You had 5 spell levels left.
You knew the following spells:

 Your Spells              Type           Power      Damage    Failure   Level
a - Beastly Appendage     Tmut           62%        N/A       5%          1
b - Spider Form           Tmut/Pois      17%        N/A       24%         3

Your spell library contained the following spells:

 Spells                   Type           Power      Damage    Failure   Level
 Wereblood                Tmut           31%        N/A       7%          2
 Passwall                 Tmut/Erth      14%        N/A       14%         2
 Sandblast                Erth           4%         2d4       28%         1
 Ice Form                 Ice/Tmut       17%        N/A       54%         4
 Dazzling Flash           Conj/Hex       4%         N/A       56%         3
 Stone Arrow              Conj/Erth      4%         3d7       56%         3
 Iskenderun's Mystic Bla  Conj/Tloc      2%         2d3       89%         4
 Starburst                Conj/Fire      1%         6d3       100%        6


Dungeon Overview and Level Annotations

Branches:
Dungeon (5/15)
 Temple: D:4-7

Altars:
Sif Muna

Annotations:
D:3 Sigmund


Innate Abilities, Weirdness & Mutations

You are a venomous arachnid creature.
You have poisonous fangs.
You are tiny and dextrous.
Your spellcasting is less reliable in this form.
Your armour is entirely melded.
You are incapable of wielding weapons or throwing items.
You cannot wear most types of armour.
((You are amphibious.))
You can wear up to eight rings at the same time.
((Your skin changes colour to match your surroundings (Stealth+).))
((Your rubbery body absorbs attacks. (AC +1, EV +1)))
((You are camouflaged when in or above water. (Stealth+)))
((You have tentacles for arms and can constrict up to eight enemies at once.))


Message History

You bump into the rock wall.
You kill the orc priest!
Something closely misses you. The orc wizard closely misses you.
You barely miss something. Something hits you. The orc wizard misses you.
You hit something but do no damage. Something hits you but does no damage.
The orc wizard casts a spell at you. The magic dart hits you.
The orc wizard attacks as you move away!
The orc wizard hits you with a +0 dagger.
Something hits you but does no damage.
You're too confused to move!
You feel less confused. Something hits you.
* * * LOW HITPOINT WARNING * * *
The orc wizard misses you. Something completely misses you.
The orc wizard completely misses you.
Things that are here:
a +0 dagger; an orc corpse You hit something.
Something barely misses you.
The orc wizard hits you but does no damage.
You barely miss something. Something barely misses you.
The orc wizard barely misses you.
You miss something. Something hits you but does no damage.
The orc wizard closely misses you.
You barely miss the orc wizard. Something misses you.
The orc wizard points at you and mumbles some strange words.
You resist with some effort.
You closely miss the orc wizard. Something barely misses you.
The orc wizard hits you with a +0 dagger.
* * * LOW HITPOINT WARNING * * *
You hit the orc wizard but do no damage.
The orc wizard is poisoned.
Something hits you.
* * * LOW HITPOINT WARNING * * *
The orc wizard misses you.
It was a potion of haste.
You feel yourself speed up.
Your transformation is almost over.
Something closely misses you. The orc wizard casts a spell at you.
The puff of flame hits you!
You die...

###...#####........# #.#
#.........###...## #.#
##..###.### ##.## #.# ####......#
#)# #.# #..).....## #.# #.#
#.##.###.# ##'## #.# #.##.# #.#
##...## #####.## #.##.###.#
##o{...## #....... ##>##.#.#.#
##..s....## #..##.#.
#.........###.........####.....#.
............+.........+..........
..###....####.........####...####
..# #.#.## ##.......## ##..# ..#
#.#.# ##.....## ##.# ..# #.#.#
##...## ##.#### ..###.#.# ##'##
#.....# ........# #.# #.###.#


You could see an orc wizard (very poisoned).

Vanquished Creatures
  A black bear (D:4)
  An orc priest (D:4)
  2 hounds (D:4)
  Jessica (D:3)
  An adder (D:2)
  2 worms (D:2)
  3 dart slugs
  4 orcs (D:4)
  2 endoplasms
  3 giant cockroaches
  4 goblins
  6 hobgoblins (D:1)
  6 jackals
  3 quokkas
  3 ball pythons
  2 bats
  4 frilled lizards
  8 kobolds
  4 rats
60 creatures vanquished.

Notes
Turn   | Place    | Note
-------+----------+-------------------------------------------
     0 | D:1      | Bruhh the Octopode Transmuter began the quest for the Orb.
     0 | D:1      | Reached XP level 1. HP: 13/13 MP: 3/3
   202 | D:1      | Reached XP level 2. HP: 15/18 MP: 3/5
   407 | D:1      | Reached skill level 3 in Transmutations
   744 | D:1      | Reached XP level 3. HP: 23/23 MP: 4/6
  1008 | D:1      | Learned a level 3 spell: Spider Form
  1341 | D:2      | Reached skill level 4 in Transmutations
  1341 | D:2      | Reached XP level 4. HP: 14/28 MP: 3/7
  1360 | D:2      | Identified the +4 hand axe "Ihumn" {flame, rF+ Will- Dex+8
                  | SInv}
  1851 | D:3      | Found a shimmering blue altar of Sif Muna.
  2115 | D:3      | Noticed Jessica
  2120 | D:3      | Killed Jessica
  2177 | D:3      | Noticed Sigmund
  2205 | D:4      | Noticed a black bear
  2221 | D:4      | Killed a black bear
  2222 | D:4      | Reached skill level 5 in Transmutations
  2222 | D:4      | Reached XP level 5. HP: 10/33 MP: 5/8
  2797 | D:4      | Reached skill level 6 in Transmutations
  2811 | D:4      | You fall into a shaft and drop 1 floor!
  2811 | D:5      | Entered Level 5 of the Dungeon
  2857 | D:4      | Reached XP level 6. HP: 33/38 MP: 7/9
  4145 | D:4      | Killed from afar by an orc wizard

Illustrated notes

Levels and vault maps discovered:
D:1:      saegor_arrival_simple_d, layout_loops_ring
D:2:      layout_basic, minmay_fractal_squares_gapless_5
D:3:      layout_basic, mainiacjoe_overflow_catwalk_spiral,
          kennysheep_generic_room_4, uniq_jessica, uniq_sigmund
D:4:      layout_loops_corners, kennysheep_generic_room_9
D:5:      layout_loops_ring

Skill      XL: |  1  2  3  4  5 |
---------------+----------------+-----
Transmutations | 3 4 5 6 |  6.0
Fighting       | |  1.0
Dodging        | |  2.0
Unarmed Combat | |  3.3
Spellcasting   | |  2.4

Action                   |  1- 3 |  4- 6 || total
-------------------------+-------+-------++-------
Melee: Unarmed           |    72 |    25 ||    97
       Constrict         |    23 |     8 ||    31
       Kick              |    20 |     3 ||    23
       Tentacles         |    14 |     6 ||    20
       Punch             |     1 |     1 ||     2
       Hand axe          |       |    27 ||    27
 Cast: Beastly Appendage |    26 |    17 ||    43
       Spider Form       |     1 |     2 ||     3
  Use: Potion            |       |     4 ||     4
 Stab: Sleeping          |     9 |     4 ||    13
Armor: Skin              |     1 |    10 ||    11
Dodge: Dodged            |    38 |    64 ||   102

Table legend: (Time is in decaauts)
 A = Elapsed time spent in this place.
 B = Non-inter-level travel time spent in this place.
 C = Inter-level travel time spent in this place.
 D = Time resting spent in this place.
 E = Time spent auto-exploring this place.
 F = Levels seen in this place.
 G = Mean time per level.
                   A        B        C        D        E       F      G
               +--------+--------+--------+--------+--------+-----+--------+
         Total |   4148 |   4115 |     33 |   1002 |   2561 |   5 |  829.6 |
       Dungeon |   4148 |   4115 |     33 |   1002 |   2561 |   5 |  829.6 |
               +--------+--------+--------+--------+--------+-----+--------+

Top non-repeatable levels by time:
     D:4: 1232 daAuts
     D:1: 1162 daAuts
     D:3: 1060 daAuts
     D:2: 685 daAuts
     D:5: 7 daAuts
